 Dungeon Crawl Stone Soup version 0.13.0-11-g0187522 (webtiles) character file.

172 Deemzul the Chopper (level 4, -1/54 HPs)
             Began as a Demonspawn Berserker on Oct 18, 2013.
             Was a Believer of Trog.
             Killed by divine providence
             ... invoked by an orc priest
              (14 damage)
             ... on Level 3 of the Dungeon.
             The game lasted 00:02:51 (1369 turns).

Deemzul the Chopper (Demonspawn Berserker)          Turns: 1369, Time: 00:02:51

HP  -1/54        AC 15     Str 23      XL: 4   Next: 24%
MP   3/3         EV  4     Int  8      God: Trog [**....]
Gold 88          SH  7     Dex 13      Spells:  0 memorised,  3 levels left

Res.Fire  : . . .   See Invis. : .   a - +0 hand axe {=f}
Res.Cold  : . . .   Warding    : .   k - +3 plate armour
Life Prot.: + . .   Conserve   : .   o - +0 dwarf buckler
Res.Poison: .       Res.Corr.  : .   (no helmet)
Res.Elec. : .       Clarity    : .   (no cloak)
Sust.Abil.: . .     Spirit.Shd : .   (no gloves)
Res.Mut.  : .       Stasis     : .   (no boots)
Res.Rott. : .       Flight     : .   e - amulet of rage
Saprovore : . . .                    (no ring)
                                     n - ring of positive energy {unknown}

@: berserking, very quick, slightly resistant to hostile enchantments, extremely
unstealthy
A: spiny 2, AC +1
a: Burn Spellbooks, Berserk, Trog's Hand, Renounce Religion, Evoke Berserk Rage


You were on level 3 of the Dungeon.
You worshipped Trog.
Trog was pleased with you.
You were not hungry.

You visited 1 branch of the dungeon, and saw 3 of its levels.

You collected 68 gold pieces.

Inventory:

Hand weapons
 a - a +0,+0 hand axe (weapon) {=f}
Armour
 k - a +3 plate armour (worn)
 o - a +0 dwarven buckler (worn)
Comestibles
 c - a bread ration
 f - 3 pears
Scrolls
 d - a scroll of enchant armour {unknown}
 g - 2 scrolls of teleportation {unknown}
 h - 2 scrolls of fog {unknown}
 i - 2 scrolls of remove curse {unknown}
 l - a scroll of recharging {unknown}
Jewellery
 e - an amulet of rage (around neck)
 n - a ring of positive energy (left hand) {unknown}
 p - an uncursed amulet of inaccuracy {unknown}
Potions
 b - 3 potions of curing {unknown}
 j - 2 potions of heal wounds {unknown}
 m - a potion of flight {unknown}
 q - a potion of restore abilities {unknown}


   Skills:
 - Level 3.0 Fighting
 * Level 4.2 Axes
 + Level 2.4 Armour
 - Level 2.0 Dodging


You had 3 spell levels left.
You didn't know any spells.

Dungeon Overview and Level Annotations

Branches:
Dungeon (3/27)

Altars:


Innate Abilities, Weirdness & Mutations

You are partially covered in icy blue scales (AC +1).
You are mostly covered in sharp spines.


Message History

The magic dart hits you!
The orc priest hits you but does no damage.
You hit the orc wizard.
The orc wizard is lightly wounded.
Your plate armour prevents you from hitting the orc priest.
The orc priest is severely wounded.
The orc wizard casts a spell.
The orc wizard blinks!
The orc priest mumbles some strange prayers to Beogh against you.
Something smites you!
* * * LOW HITPOINT WARNING * * *
You are too injured to fight recklessly!
Unknown command.
Use which ability? (? or * to list)
A red film seems to cover your vision as you go berserk!
You feel yourself moving faster!
You feel mighty!
You feel somewhat more hungry.
The orc priest invokes the aid of Beogh against you.
Something smites you!
You die...

#....<....#
#..####...# #
####...#########
#...............
#.##...#########
..#.##...######
..............#
..........###.#
......#.@.#
.....#oo)# ....
#...# ... #...#
....# ......
####.# .# .


You could see an orc priest and an orc wizard.

Vanquished Creatures
  An orc wizard (D:3)
  3 adders (D:2)
  An orc (D:3)
  5 bats
  4 hobgoblins
  7 jackals (D:1)
  2 giant cockroaches
  A giant gecko (D:1)
  2 goblins (D:1)
  4 kobolds
  A quokka (D:2)
  A rat (D:1)
32 creatures vanquished.

Notes
Turn   | Place    | Note
--------------------------------------------------------------
     0 | D:1      | Deemzul, the Demonspawn Berserker, began the quest for the Orb.
     0 | D:1      | Reached XP level 1. HP: 18/18 MP: 0/0
   140 | D:1      | Gained mutation: You are partially covered in sharp spines. [demonic ancestry]
   140 | D:1      | Reached XP level 2. HP: 16/24 MP: 1/1
   616 | D:1      | Acquired Trog's second power
  1074 | D:2      | Gained mutation: You are mostly covered in sharp spines. [demonic ancestry]
  1074 | D:2      | Reached XP level 3. HP: 30/30 MP: 2/2
  1366 | D:3      | Reached skill level 4 in Axes
  1366 | D:3      | Gained mutation: You are partially covered in icy blue scales (AC +1). [demonic ancestry]
  1366 | D:3      | Reached XP level 4. HP: 22/36 MP: 3/3
  1369 | D:3      | Killed from afar by an orc priest

Action                   |  1- 3 |  4- 6 || total
-------------------------+-------+-------++-------
Melee: Hand axe          |   113 |     2 ||   115
Invok: Berserk           |       |     1 ||     1
